 Dungeon Crawl Stone Soup version 0.22-a0-525-gf69a080 (webtiles) character file.

9423 pk666 the Thaumaturge (level 11, -20/54 HPs)
             Began as a Deep Elf Fire Elementalist on June 21, 2018.
             Was a Believer of Vehumet.
             Hit by a large rock thrown by a cyclops (45 damage)
             ... on level 9 of the Dungeon.
             The game lasted 00:31:04 (11165 turns).

pk666 the Thaumaturge (Deep Elf Fire Elementalist) Turns: 11165, Time: 00:31:04

Health: -20/54     AC:  8    Str:  5    XL:     11   Next: 22%
Magic:  27/38      EV: 14    Int: 24    God:    Vehumet [**....]
Gold:   508        SH:  0    Dex: 15    Spells: 22/35 levels left

rFire    . . .     SeeInvis .   (no weapon)
rCold    + . .     Gourm    .   (no shield)
rNeg     . . .     Faith    .   F - +2 robe {MR+}
rPois    .         Spirit   .   N - +2 hat
rElec    .         Reflect  .   s - scarf {cloud immunity}
rCorr    .         Harm     .   I - +1 pair of gloves
MR       ++...                  (no boots)
Stlth    ++........             (no amulet)
HPRegen  0.18/turn              l - ring of magical power
MPRegen  0.26/turn              o - ring of protection from cold

@: no status effects
A: no striking features
a: Renounce Religion


You were on level 9 of the Dungeon.
You worshipped Vehumet.
Vehumet was pleased with you.
You were not hungry.

You visited 2 branches of the dungeon, and saw 12 of its levels.

You collected 508 gold pieces.

Inventory:

Armour
 m - a +0 cloak
 s - a scarf of cloud immunity (worn)
 F - a +2 robe of magic resistance (worn)
 I - a +1 pair of gloves (worn)
 N - a +2 hat (worn)
Magical Staves
 B - an uncursed staff of poison
Jewellery
 l - a ring of magical power (left hand)
 o - a ring of protection from cold (right hand)
 E - an uncursed ring of resist corrosion
 K - the ring "Sagojas" {rC+ Str-4 Int+2 Dex+4 Stlth+}
   (You found it on level 6 of the Dungeon)

   [ring of stealth]

   It affects your strength (-4).
   It affects your intelligence (+2).
   It affects your dexterity (+4).
   It protects you from cold.
   It makes you more stealthy.
 P - a cursed ring of teleportation {unknown}
 Q - an uncursed ring of flight {unknown}
Wands
 a - a wand of random effects (26)
 k - a wand of iceblast (12)
 v - a wand of polymorph (14)
 x - a wand of paralysis (8)
 G - a wand of digging (8)
 O - a wand of disintegration (12)
Scrolls
 b - 16 scrolls of identify {unknown}
 g - a scroll of random uselessness {unknown}
 j - 6 scrolls of remove curse
 p - 3 scrolls of immolation
 q - 2 scrolls of magic mapping {unknown}
 t - a scroll of fog {unknown}
 u - a scroll of enchant weapon {unknown}
 w - 2 scrolls of noise
 y - a scroll of fear {unknown}
 C - a scroll of enchant armour
 J - 2 scrolls of blinking {unknown}
Potions
 d - 2 potions of agility {unknown}
 e - a potion of lignification {unknown}
 f - 3 potions of haste {unknown}
 h - 5 potions of heal wounds
 i - a potion of flight {unknown}
 n - a potion of cancellation {unknown}
 r - a potion of ambrosia {unknown}
 z - 4 potions of curing {unknown}
 A - 3 potions of invisibility {unknown}
 D - a potion of mutation {unknown}
 H - a potion of degeneration {unknown}
 L - a potion of resistance {unknown}
 M - a potion of magic {unknown}
Comestibles
 c - 16 rations


   Skills:
 + Level 4.1 Dodging
 - Level 2.4 Stealth
 + Level 12.8 Spellcasting
 + Level 11.3 Conjurations
 + Level 11.2 Fire Magic


You had 22 spell levels left.
You knew the following spells:

 Your Spells              Type           Power        Failure   Level  Hunger
a - Flame Tongue          Conj/Fire      #####        1%          1    None
b - Sticky Flame          Conj/Fire      ######..     1%          4    None
c - Conjure Flame         Conj/Fire      ######..     1%          3    None
z - Fireball              Conj/Fire      ######....   1%          5    ###....

Your spell library contained the following spells:

 Spells                   Type           Power        Failure   Level  Hunger
 Confuse                  Hex            ###.....     12%         3    None
 Throw Flame              Conj/Fire      ######       1%          2    None
 Swiftness                Chrm/Air       ###.....     6%          2    None
 Airstrike                Air            ###.......   36%         4    None
 Confusing Touch          Hex            ###...       4%          1    None
 Metabolic Englaciation   Hex/Ice        ###.......   73%         5    ###....
 Silence                  Hex/Air        ###.......   73%         5    ###....
 Petrify                  Tmut/Erth      ###.....     36%         4    None
 Tornado                  Air            ###.......   100%        9    #######
 Inner Flame              Hex/Fire       #####...     1%          3    None
 Gell's Gravitas          Tloc           ###.......   12%         3    None
 Yara's Violent Unravell  Hex/Tmut       ###.......   73%         5    ###....


Dungeon Overview and Level Annotations

Branches:
Dungeon (11/15)            Temple (1/1) D:5
   Lair: D:8-11         Orc: D:9-12

Altars:
Ashenzari
Cheibriados
Dithmenos
Elyvilon
Fedhas
Gozag
Hepliaklqana
Kikubaaqudgha
Makhleb
Nemelex Xobeh
Okawaru
Qazlal
Ru
Sif Muna
Trog
Uskayaw
Vehumet
Wu Jian
Xom
Yredelemnul
Zin
The Shining One

Annotations:
D:3 1 runed door, junkhipster's ghost, amateur HOFi
D:6 exclusion: statue
D:8 3 runed doors, ThereIsNoGod's ghost, novice DDFi
D:9 3 runed doors, Viatejaf's ghost, novice DDMo


Message History

You can't see any susceptible monsters within range! (Use Z to cast anyway.)
Casting: Fireball (safe; 1% risk of failure)
Confirm with . or Enter, or press ? or * to list all spells.
You don't know that spell.
Casting: Fireball (safe; 1% risk of failure)
Confirm with . or Enter, or press ? or * to list all spells.
Aiming: Fireball (safe; 1% risk of failure)
Press: ? - help, Shift-Dir - straight line The fireball explodes!
Casting: Fireball (safe; 1% risk of failure)
Confirm with . or Enter, or press ? or * to list all spells.
Aiming: Fireball (safe; 1% risk of failure)
Press: ? - help, Shift-Dir - straight line, f - cyclops
Aim: a cyclops (flame, moderately wounded)
The fireball explodes!
The fireball engulfs the cyclops.
The cyclops is heavily wounded.
The cyclops is engulfed in blazing flames.
The cyclops throws a large rock.
The large rock hits you!!!
Ouch! That really hurt!
You die...

. . ###'###.......... #.
#...##....##....
#.#####.#..#####...
#'#...#'..# ##..
#.#####..########
##.((##........# #+### .
###'###....###... ....## .##
##..)..##....# .....## ..#
##@.#.#..##...## ......####'#
##..##.##..##....
.......#.##.##..#.....#..#..##
.......##W##.#(##.....##.#...
....Z[.o†#.#.C...........'..##
....o..#.##)##.##.(...##.#.
..o....##.##.#..#...(.#..#
......####'####..##.##..#
.....##.......##..#.#..##


You could see a cyclops.

Vanquished Creatures
  Erica (D:8)
  3 two-headed ogres
  Pikel (D:4)
  2 trolls (D:9)
  4 hippogriffs
  A shadow (D:9)
  A wraith (D:8)
  2 wyverns
  Menkaure (D:4)
  A water moccasin (D:8)
  Duvessa (D:7)
  A soldier ant (D:9)
  3 orc warriors
  2 slaves (D:4)
  2 sky beasts
  A black bear (D:6)
  5 ice beasts
  A phantom (D:5)
  2 necrophages (D:8)
  An ogre (D:7)
  2 centaurs (D:9)
  3 elf zombies (D:8)
  3 bullfrogs
  A wyvern zombie (D:9)
  Dowan (D:7)
  A water moccasin zombie (D:9)
  4 scorpions
  3 killer bees (D:8)
  A troll zombie (D:8)
  A wight (D:8)
  3 howler monkeys (D:9)
  2 crimson imps
  3 bullfrog zombies
  6 hounds
  Crazy Yiuf (D:2)
  2 human zombies (D:8)
  A bullfrog skeleton (D:4)
  2 orc priests
  3 jellies
  11 orc wizards
  3 centaur skeletons
  An iguana (D:9)
  6 worker ants
  2 hound skeletons
  3 mummies (D:8)
  11 gnolls
  12 adders
  4 shadow imps
  2 adder skeletons (D:9)
  An adder zombie (D:9)
  4 worms
  4 dart slugs
  8 leopard geckos
  24 orcs
  7 bats
  A bat zombie (D:2)
  2 giant cockroaches (D:2)
  8 goblins
  13 hobgoblins
  11 jackals
  3 quokkas
  2 ball pythons
  3 frilled lizards
  3 kobolds
  A leopard gecko zombie (D:9)
  2 quokka skeletons
  12 rats
  2 rat zombies (D:2)
245 creatures vanquished.

Notes
Turn   | Place    | Note
-------+----------+-------------------------------------------
     0 | D:1      | pk666 the Deep Elf Fire Elementalist began the quest for the Orb.
     0 | D:1      | Reached XP level 1. HP: 10/10 MP: 6/6
    75 | D:1      | Reached XP level 2. HP: 15/15 MP: 0/8
   425 | D:1      | Reached XP level 3. HP: 19/19 MP: 7/10
  1056 | D:2      | Reached skill level 4 in Spellcasting
  1056 | D:2      | Reached XP level 4. HP: 24/24 MP: 7/12
  1528 | D:2      | Found a runed door.
  1649 | D:2      | Found an ancient bone altar of Kikubaaqudgha.
  1783 | D:2      | Noticed Crazy Yiuf
  1786 | D:2      | Killed Crazy Yiuf
  1839 | D:3      | Reached XP level 5. HP: 28/28 MP: 13/13
  2328 | D:3      | Found a runed door.
  2328 | D:3      | Noticed junkhipster's ghost (amateur HOFi)
  2328 | D:3      | Noticed a centaur
  2430 | D:4      | Noticed Menkaure
  2437 | D:4      | Killed Menkaure
  2437 | D:4      | Reached skill level 5 in Spellcasting
  2437 | D:4      | Reached XP level 6. HP: 32/32 MP: 15/15
  2713 | D:4      | Reached skill level 5 in Conjurations
  2736 | D:4      | Learned a level 4 spell: Sticky Flame
  2740 | D:4      | Learned a level 3 spell: Conjure Flame
  2746 | D:4      | Learned a level 5 spell: Fireball
  3041 | D:4      | Reached skill level 5 in Fire Magic
  3173 | D:4      | Found a bloodstained altar of Trog.
  3272 | D:4      | Found a shattered altar of Ashenzari.
  3466 | D:4      | Noticed a slave
  3487 | D:4      | Noticed a slave
  3488 | D:4      | Noticed Pikel
  3488 | D:4      | Noticed a slave
  3488 | D:4      | Noticed a slave
  3629 | D:4      | Noticed a hippogriff
  3640 | D:4      | Killed a hippogriff
  3640 | D:4      | Reached skill level 6 in Spellcasting
  3640 | D:4      | Reached XP level 7. HP: 6/36 MP: 16/18
  4355 | D:4      | Killed Pikel
  4355 | D:4      | Reached skill level 7 in Spellcasting
  4355 | D:4      | Reached XP level 8. HP: 41/41 MP: 8/21
  4625 | D:5      | Entered Level 5 of the Dungeon
  4862 | D:5      | Found a staircase to the Ecumenical Temple.
  4867 | D:5      | Found a glowing silver altar of Zin.
  4872 | Temple   | Entered the Ecumenical Temple
  4950 | D:5      | Reached skill level 8 in Spellcasting
  5060 | D:5      | Found a shimmering altar of Xom.
  5061 | D:5      | Found a hazy altar of Hepliaklqana.
  5062 | D:5      | Noticed a spectral ugly thing
  5777 | D:6      | Found an iron altar of Okawaru.
  5901 | D:6      | Noticed a hippogriff
  5916 | D:6      | Killed a hippogriff
  5916 | D:6      | Reached skill level 9 in Spellcasting
  6102 | D:6      | Got a fine ivory ring
  6133 | D:6      | Reached XP level 9. HP: 45/45 MP: 24/24
  6446 | D:6      | Found a radiant altar of Vehumet.
  6453 | D:6      | Became a worshipper of Vehumet
  6760 | D:7      | Noticed Dowan
  6761 | D:7      | Noticed Duvessa
  6770 | D:7      | Killed Duvessa
  6771 | D:7      | Killed Dowan
  7709 | D:8      | Reached skill level 10 in Spellcasting
  7894 | D:8      | Noticed Erica
  7905 | D:8      | Killed Erica
  8110 | D:8      | Reached XP level 10. HP: 17/50 MP: 14/26
  8310 | D:8      | Reached skill level 11 in Spellcasting
  8424 | D:8      | Identified the ring "Sagojas" {rC+ Str-4 Int+2 Dex+4 Stlth+} (You found it on level 6 of the Dungeon)
  8558 | D:8      | Found a runed gate.
  8558 | D:8      | Found a runed gate.
  8559 | D:8      | Found a runed gate.
  8559 | D:8      | Noticed ThereIsNoGod's ghost (novice DDFi)
  8570 | D:8      | Noticed a two-headed ogre
  8577 | D:8      | Killed a two-headed ogre
  8577 | D:8      | Reached skill level 10 in Conjurations
  8577 | D:8      | Reached * piety under Vehumet
  8577 | D:8      | Offered knowledge of Sting by Vehumet.
  8577 | D:8      | Reached skill level 10 in Fire Magic
  8610 | D:8      | Noticed a two-headed ogre
  8625 | D:8      | Killed a two-headed ogre
  8847 | D:8      | Found a sparkling altar of Nemelex Xobeh.
  9007 | D:8      | Found a burning altar of Makhleb.
  9019 | D:8      | Reached skill level 12 in Spellcasting
  9170 | D:8      | Found a basalt altar of Yredelemnul.
  9603 | D:8      | HP: 2/50 [wraith (1)]
 10050 | D:9      | Noticed a two-headed ogre
 10060 | D:9      | Killed a two-headed ogre
 10060 | D:9      | Reached XP level 11. HP: 45/54 MP: 21/29
 10061 | D:9      | Reached ** piety under Vehumet
 10072 | D:9      | Offered knowledge of Magic Dart by Vehumet.
 10107 | D:9      | Identified the Grimoire of the Birds
 10179 | D:10     | Entered Level 10 of the Dungeon
 10657 | D:9      | Found a runed gate.
 10661 | D:9      | Found a runed gate.
 10662 | D:9      | Found a runed gate.
 10685 | D:9      | Noticed Viatejaf's ghost (novice DDMo)
 10873 | D:9      | Offered knowledge of Mephitic Cloud by Vehumet.
 11165 | D:9      | Hit by a large rock thrown by a cyclops

Vault maps used:
D:1:      saegor_arrival_simple_d
D:2:      lemuel_zombie_altar_kikubaaqudgha, uniq_crazy_yiuf_cottage
D:3:      ebering_ghost_inner_flame, first_ration, minmay_misc_feat_hallway
D:4:      lemuel_doored_altar, ashenzari_altar_1, uniq_menkaure, uniq_pikel
D:5:      overflow_temple_1_default, regret_index_temple_of_mockery,
          minmay_temple_entry_trees
D:6:      vehumet_statue, kennysheep_okawaru_gauntlet
D:7:      grunt_ogre_cave, uniq_duvessa
D:8:      lemuel_mausoleum_altar_yredelemnul, makhleb_blood_cavern_becter,
          gammafunk_ghost_necromancy, nemelex_lonely_heart_becter, uniq_erica
D:9:      minmay_the_grid_octo_tiled_octocenter, gammafunk_ghost_necromancy
D:10:     enter_bailey_8, minivault_14
D:11:     grunt_lair_entry_orc_guard_hut, orc_0_dummy, basic_altar,
          small_chamber_with_monster, uniq_fannar
Temple:   cyrus_circular_temple

Skill      XL: |  1  2  3  4  5  6  7  8  9 10 11 |
---------------+----------------------------------+-----
Conjurations   | 2 3 4 5 6 8 9 11 | 11.3
Spellcasting   | 4 5 6 7 9 10 12 | 12.8
Fire Magic     | 4 5 6 7 9 10 11 | 11.2
Dodging        | 3 4 |  4.1
Stealth        | |  2.4

Action                   |  1- 3 |  4- 6 |  7- 9 | 10-12 || total
-------------------------+-------+-------+-------+-------++-------
Melee: Unarmed           |       |     1 |       |     8 ||     9
 Cast: Flame Tongue      |    68 |   144 |   189 |   134 ||   535
       Sticky Flame      |       |     2 |     7 |    33 ||    42
       Conjure Flame     |       |       |    14 |    28 ||    42
       Fireball          |       |       |    10 |    24 ||    34
Evoke: Wand              |       |       |     2 |     5 ||     7
  Use: Scroll            |       |       |       |     5 ||     5
       Potion            |       |       |       |     1 ||     1
 Stab: Distracted        |       |       |       |     1 ||     1
  Eat: Chunk             |       |     8 |     9 |     8 ||    25
       Ration            |       |       |     2 |     1 ||     3
Armor: Robe              |     1 |     6 |    11 |    18 ||    36
Dodge: Dodged            |    13 |    41 |    42 |    63 ||   159

Table legend:
 A = Spawn XP
 B = Non-spawn XP
 C = Spawn XP percentage of total XP
 D = Spawn monster count
 E = Non-spawn monster count
 F = Spawn count percentage of total count
 G = Total turns spent on level
                    A         B        C        D         E        F      G
               +---------+---------+-------+---------+---------+-------+---------
         Total |       0 |   13462 |   0.0 |       0 |     243 |   0.0 | 11165
               +---------+---------+-------+---------+---------+-------+---------
           D:1 |       0 |      42 |   0.0 |       0 |      22 |   0.0 |   591
           D:2 |       0 |     151 |   0.0 |       0 |      34 |   0.0 |  1243
           D:3 |       0 |      55 |   0.0 |       0 |      22 |   0.0 |   652
           D:4 |       0 |    1366 |   0.0 |       0 |      30 |   0.0 |  2139
           D:5 |       0 |     813 |   0.0 |       0 |      13 |   0.0 |  1079
           D:6 |       0 |     863 |   0.0 |       0 |      16 |   0.0 |   832
           D:7 |       0 |     596 |   0.0 |       0 |      11 |   0.0 |  1092
           D:8 |       0 |    5730 |   0.0 |       0 |      52 |   0.0 |  2231
           D:9 |       0 |    3846 |   0.0 |       0 |      43 |   0.0 |  1025
               +---------+---------+-------+---------+---------+-------+---------
